 Dungeon Crawl Stone Soup version 0.28.0-45-g0d030f2227 (webtiles) character file.

Game seed: 16746835729800769579

112 NinjaNoafa the Digger (level 4, -1/27 HPs)
             Began as a Gargoyle Earth Elementalist on Apr 10, 2022.
             Slain by an ice beast (7 damage)
             ... on level 7 of the Dungeon.
             The game lasted 00:07:38 (3854 turns).

NinjaNoafa the Digger (Gargoyle Earth Elementalist) Turns: 3854, Time: 00:07:39

Health: -1/27      AC:  8    Str: 11      XL:     4   Next: 95%
Magic:  7/7        EV: 12    Int: 18      God:
Gold:   200        SH:  0    Dex:  9 (10) Spells: 7/8 levels left

rFire   . . .      SeeInvis .   j - +1 short sword (venom)
rCold   . . .      Faith    .   (no shield)
rNeg    + . .      Spirit   .   b - +0 robe
rPois   ∞          Reflect  .   (helmet restricted)
rElec   +          Harm     .   (no cloak)
rCorr   .          Rampage  .   e - +2 pair of gloves {infuse}
Will    .....                   (no boots)
Stlth   ++........              p - amulet of magic regeneration
HPRegen 0.09/turn               (no ring)
MPRegen 0.50/turn               (no ring)

@: flying
A: sickness immunity, AC +3, negative energy resistance 1, electricity
resistance, torment resistance 1, petrification resistance, beak, deterioration
1, robust 1
a: no special abilities


You were on level 7 of the Dungeon.
You visited 1 branch of the dungeon, and saw 5 of its levels.

You collected 200 gold pieces.

Inventory:

Hand Weapons
 a - a +0 spear
 j - a +1 short sword of venom (weapon)
 l - a +0 hunting sling
 m - a +0 dagger of speed
Missiles
 c - 132 stones
 d - 11 poisoned darts (quivered)
 n - 5 sling bullets
Armour
 b - a +0 robe (worn)
 e - a +2 pair of gloves of infusion (worn)
Jewellery
 p - an amulet of magic regeneration (around neck)
Scrolls
 i - a scroll of vulnerability
Potions
 h - a potion of mutation


   Skills:
 + Level 1.0 Fighting
 + Level 2.1 Dodging
 + Level 2.9 Stealth
 + Level 2.5 Spellcasting
 + Level 2.0 Transmutations
 * Level 4.3 Earth Magic


You had 7 spell levels left.
You knew the following spells:

 Your Spells              Type           Power      Damage    Failure   Level
a - Sandblast             Erth           36%        2d10      2%          1

Your spell library contained the following spells:

 Spells                   Type           Power      Damage    Failure   Level
 Passwall                 Tmut/Erth      10%        N/A       7%          2
 Stone Arrow              Conj/Erth      20%        3d8       22%         3
 Petrify                  Tmut/Erth      13%        N/A       41%         4
 Tukima's Dance           Hex            2%         N/A       45%         3
 Passage of Golubria      Tloc           2%         N/A       86%         4
 Yara's Violent Unravell  Hex/Tmut       2%         3d3       97%         5


Dungeon Overview and Level Annotations

Branches:
Dungeon (4/15)
 Temple: D:4-7

Altars:

Annotations:
D:7 Prince Ribbit


Innate Abilities, Weirdness & Mutations

You are immune to sickness and miasma.
Your stone body is resilient. (AC +3)
You are immune to poison.
You resist negative energy. (rN+)
You are resistant to electric shocks. (rElec)
You are resistant to unholy torment.
You are immune to petrification.
You have a beak for a mouth.
Your body sometimes deteriorates upon taking damage.
You are robust. (+10% HP)


Message History

The jackal bites you but does no damage.
The gnoll sergeant closely misses you.
An orc wizard comes into view. It is wielding a +0 dagger.
Found 6 gold pieces.
Prince Ribbit comes into view.
The jackal misses you.
An orc comes into view. It is wielding a +0 dagger.
The gnoll sergeant hits you from afar with a +3 spear of venom!
The jackal misses you.
It was a potion of flight.
You feel very buoyant.
You fly up into the air.
The jackal barely misses you.
The jackal bites you but does no damage.
An orc comes into view. It is wielding a +0 hand axe.
The gnoll sergeant closely misses you. The jackal misses you.
It was a potion of magic.
Magic courses through your body.
Prince Ribbit croaks.
The orc wizard shouts!
The orc shouts!
You hear a shout! x2
The jackal barely misses you. The jackal misses you.
A gnoll sergeant comes into view. It is wielding a +3 vampiric spear.
The gnoll sergeant barely misses you.
The jackal bites you but does no damage.
You hear a shout! 2 gnolls come into view.
The gnoll shouts!
You hear a shout! x2
The jackal bites you but does no damage.
Found 15 sling bullets.
A gnoll comes into view. It is wielding a +0 spear.
The gnoll throws a throwing net.
The throwing net barely misses you. The gnoll barely misses you.
The gnoll sergeant barely misses you.
The water moccasin bites you but does no damage.
The jackal bites you but does no damage.
The gnoll closely misses you.
The gnoll sergeant hits you from afar with a +3 spear of venom.
* * * LOW HITPOINT WARNING * * *
The ice beast hits you but does no damage.
The white imp grins evilly.
The ice beast hits you.
* * * LOW HITPOINT WARNING * * *
The ice beast freezes you!
You die...

$o................... g#
...#.......##.....#. .g.
#.#.#.)..# ##....##
....##h......## ##...##
.....g.#h.g..## ##..§§§
......oh5ggg..#++#...§§§
......#ggZ##........##§§
.#... #SY####......####§
#.. #@## +..g...+ ##
........# +......+ ##
..####... #......####§ .
#.... #........##§§
#........#++#.....§
#.(.....# ##.....
##...... #..### ####....
#Z..# #....#


You could see a water moccasin, an ice beast, 2 gnoll sergeants, an orc wizard,
4 gnolls, a white imp, 3 jackals and a howler monkey skeleton.

Vanquished Creatures
  A gnoll (D:1)
  5 adders
  3 dart slugs
  6 endoplasms
  7 goblins
  3 hobgoblins
  4 jackals (D:3)
  5 quokkas
  3 ball pythons
  3 bats
  2 frilled lizards
  5 kobolds
  2 rats (D:1)
49 creatures vanquished.

Notes
Turn   | Place    | Note
-------+----------+-------------------------------------------
     0 | D:1      | NinjaNoafa the Gargoyle Earth Elementalist began the quest
                  | for the Orb.
     0 | D:1      | Reached XP level 1. HP: 10/10 MP: 3/3
   203 | D:1      | Reached skill level 1 in Transmutations
   476 | D:1      | Reached XP level 2. HP: 15/15 MP: 0/5
  1158 | D:1      | Reached XP level 3. HP: 13/19 MP: 1/6
  1456 | D:2      | Reached skill level 4 in Earth Magic
  1725 | D:2      | Reached XP level 4. HP: 24/24 MP: 5/7
  3419 | D:3      | Reached skill level 1 in Fighting
  3806 | D:4      | You fall into a shaft and drop 3 floors!
  3809 | D:7      | Noticed an ice beast
  3835 | D:7      | Gained mutation: You have a beak for a mouth. [potion of
                  | mutation]
  3835 | D:7      | Gained mutation: Your body sometimes deteriorates upon
                  | taking damage. [potion of mutation]
  3835 | D:7      | Gained mutation: You are robust. (+10% HP) [potion of
                  | mutation]
  3836 | D:7      | Noticed a gnoll sergeant
  3837 | D:7      | Noticed a gnoll sergeant
  3845 | D:7      | Noticed a water moccasin
  3848 | D:7      | Noticed Prince Ribbit
  3850 | D:7      | Noticed a gnoll sergeant
  3854 | D:7      | Slain by an ice beast

Illustrated notes

Levels and vault maps discovered:
D:1:      scummos_arrival_checkerplants, layout_basic, minmay_misc_feat_chi,
          hangedman_abyss_or_decor_lesser_grid
D:2:      layout_loops_ring, grunt_decor_fettered,
          chequers_serial_rivers_micro_a, kennysheep_another_room
D:3:      layout_loops_ring, wander_ebering_terrifying_dragon_lair
D:4:      layout_layer_cave, temple_statues, minmay_divided_ellipse
D:7:      layout_cave_pools, serial_gnoll_camp, gnoll_camp_medium_02,
          gnoll_camp_mini_loothouse, gnoll_camp_mini_doghouse,
          gnoll_camp_huts_basic, gnoll_camp_mini_hut, minmay_statues_item,
          kennysheep_generic_room_4, uniq_prince_ribbit1

Skill      XL: |  1  2  3  4 |
---------------+-------------+-----
Transmutations | 1 2 |  2.0
Earth Magic    | 4 |  4.3
Dodging        | 2 |  2.1
Fighting       | 1 |  1.0
Stealth        | |  2.9
Spellcasting   | |  2.5

Action                   |  1- 3 |  4- 6 || total
-------------------------+-------+-------++-------
Melee: Unarmed           |    22 |     5 ||    27
       Spear             |     4 |       ||     4
       Short sword       |       |    31 ||    31
Throw: Dart              |       |     1 ||     1
 Cast: Sandblast         |    23 |    26 ||    49
  Use: Scroll            |       |     5 ||     5
       Potion            |       |     4 ||     4
 Stab: Sleeping          |       |     1 ||     1
Armor: Robe              |     8 |    38 ||    46
Dodge: Dodged            |    22 |    57 ||    79
